AoeStats
← jhonskull87

Socotra

505465823Analyzed
3v3 RM · 24d ago on Sep 9, 2026· 44m 3s· 6 players
Game mode
Random Map
Map size
128×128
Population
200
Speed
Normal
Resources
Standard
Victory
Conquest
Starting age
Dark Age
Ending age
Imperial Age
RankedLock teamsTeams togetherTeam positionsShared explorationLock speedFull tech treeHidden civsTurbo modeCheats
Victory
Defeat
🇹🇷 Franks · Türkiye
717
+16
🇫🇷 Franks · France
707
+16
🇹🇷 Teutons · Türkiye
690
+17
🇵🇱 Ethiopians · Poland
767
-18
🇮🇳 Vikings · India
724
-17
🇲🇽 Persians · Mexico
648
-14
kingdalillian
12:39 Feudal Age
19:05 Castle Age
18:18 Scale Mail Armor
19:14 Double-Bit Axe
19:22 Gold Mining
20:01 Fletching
21:46 Bodkin Arrow
23:48 Wheelbarrow
23:00 Loom
24:17 Elite Skirmisher
31:46 Forging
31:52 Chain Mail Armor
31:38 Padded Archer Armor
31:44 Scale Barding Armor
33:10 Gold Shaft Mining
34:27 Iron Casting
37:01 Imperial Age
34:56 Hand Cart
35:31 Chain Barding Armor
36:16 Ballistics
35:38 Crossbowman
38:46 Chemistry
38:25 Leather Archer Armor
39:59 Blast Furnace
39:05 Cavalier
41:19 Paladin
oguayd
11:37 Feudal Age
9:52 Loom
12:03 Double-Bit Axe
13:00 Wheelbarrow
12:45 Stone Mining
12:53 Gold Mining
17:19 Arson
22:14 Forging
21:55 Fletching
22:05 Padded Archer Armor
22:06 Scale Mail Armor
30:09 Castle Age
28:59 Scale Barding Armor
32:11 Squires
44:41 Husbandry
ozgurulas90
13:14 Feudal Age
14:29 Horse Collar
14:42 Gold Mining
14:42 Stone Mining
14:53 Double-Bit Axe
21:54 Castle Age
23:40 Bow Saw
23:34 Heavy Plow
24:18 Forging
24:10 Scale Mail Armor
31:03 Iron Casting
32:23 Ironclad
34:07 Chain Mail Armor
MyR3alName
3:16 Loom
14:10 Feudal Age
15:33 Wheelbarrow
16:12 Horse Collar
16:35 Double-Bit Axe
16:43 Gold Mining
18:54 Padded Archer Armor
19:24 Fletching
24:08 Castle Age
24:19 Crossbowman
38:24 Scale Mail Armor
jhonskull87
15:23 Feudal Age
13:38 Loom
16:02 Double-Bit Axe
16:00 Horse Collar
17:35 Gold Mining
20:15 Wheelbarrow
23:38 Forging
24:16 Padded Archer Armor
24:08 Fletching
27:42 Bloodlines
32:55 Castle Age
35:36 Elite Skirmisher
41:29 Imperial Age
40:00 Scale Mail Armor
betalbaadshah
1:09 Loom
13:40 Feudal Age
15:58 Double-Bit Axe
16:53 Town Watch
16:55 Horse Collar
17:08 Gold Mining
17:11 Stone Mining
17:41 Man-at-Arms
18:07 Arson
20:08 Forging
20:00 Scale Mail Armor
25:33 Castle Age
26:08 Long Swordsman
26:34 Gambesons
26:49 Squires
27:10 Bow Saw
30:09 Elite Skirmisher
Connection lost

Rejoining the realm…

Still unreachable

The connection could not be restored.

Session expired

The server has moved on; the page needs a fresh start.